 Dungeon Crawl Stone Soup version 0.31-a0-810-ga77100ea1a (webtiles) character file.

Game seed: 14601171166856251902

53 lunkers the Charlatan (level 4, -2/35 HPs)
             Began as a Meteoran Wanderer on Sept 21, 2023.
             Killed from afar by Natasha (7 damage)
             ... with a magic dart
             ... on level 2 of the Dungeon.
             The game lasted 00:04:50 (430 turns).

lunkers the Charlatan (Meteoran Wanderer)            Turns: 430, Time: 00:04:51

Health: -2/35      AC:  3    Str: 10    XL:     4   Next: 32%
Magic:  0/8        EV: 11    Int: 16    God:
Gold:   70         SH:  0    Dex: 16    Spells: 4/8 levels left

rFire   . . .        a - +0 dagger
rCold   . . .        (no shield)
rNeg    . . .        e - +0 robe
rPois   .            j - +0 helmet
rElec   .            (no cloak)
rCorr   .            (no gloves)
SInv    .            (no boots)
Will    .....        (no amulet)
Stlth   +            (no ring)
HPRegen 0.25/turn    (no ring)
MPRegen 0.11/turn

%: no passive effects
@: glowing
A: sense surroundings 1, otherworldly, glowing, explore regen
a: no special abilities


You were on level 2 of the Dungeon.
You visited 1 branch of the dungeon, and saw 2 of its levels.

You collected 70 gold pieces.

Inventory:

Hand Weapons
 a - a +0 dagger (weapon)
Missiles
 b - 7 boomerangs
Armour
 e - a +0 robe (worn)
 i - a +0 ring mail
 j - a +0 helmet (worn)
Jewellery
 k - a ring of ice
Wands
 c - a wand of acid (4)
Scrolls
 f - a scroll of amnesia {unknown}
 g - a scroll of identify {unknown}
Potions
 d - a potion of heal wounds
 h - a potion of curing {unknown}
 l - 2 potions of enlightenment {unknown}


   Skills:
 - Level 1.1 Fighting
 - Level 2.4 Throwing
 + Level 2.6 Spellcasting
 * Level 3.9 Conjurations
 * Level 1.3 Earth Magic
 - Level 4.8 Evocations


You had 4 spell levels left.
You knew the following spells:

 Your Spells              Type           Power      Damage    Failure   Level
a - Shock                 Conj/Air       32%        1d5       9%          1
b - Stone Arrow           Conj/Erth      20%        3d8       21%         3

Your spell library contained the following spells:

 Spells                   Type           Power      Damage    Failure   Level
 Ozocubu's Armour         Ice            2%         N/A       52%         3
 Metabolic Englaciation   Hex/Ice        1%         N/A       99%         5
 Simulacrum               Ice/Necr       1%         N/A       100%        6


Dungeon Overview and Level Annotations

Branches:
Dungeon (2/15) Zot: 769

Altars:

Annotations:
D:1 2 transporters
D:2 Natasha


Innate Abilities, Weirdness & Mutations

You passively map a small area around you.
You are easily found by Zot.
You glow in the dark.
You regain HP and MP as you explore.


Message History

Unknown command.
Natasha attacks as she pursues you! Natasha closely misses you.
You hit Natasha but do no damage.
Natasha is heavily wounded.
Natasha claws you.
* * * LOW HITPOINT WARNING * * *
Aiming: Shock (safe; 9% risk of failure)
Press: ? - help, Q - select action, (/) - cycle Shift-Dir - straight line, f/p - Natasha
Aim: Natasha (heavily wounded, 60% to hit)
The zap hits Natasha.
Natasha is severely wounded.
The zap hits the dart slug.
The dart slug is heavily wounded.
* * * LOW MAGIC WARNING * * *
Natasha mewls in sadness.
Natasha claws you.
* * * LOW HITPOINT WARNING * * *
Unknown command.
You barely miss Natasha.
Natasha is severely wounded.
Natasha extends her claws.
Natasha claws you.
* * * LOW HITPOINT WARNING * * *
You hit Natasha.
Natasha is almost dead.
Natasha mumbles some strange words.
The dart slug launches a dart at you. The slug dart hits you.
* * * LOW HITPOINT WARNING * * *
You closely miss Natasha.
Natasha is almost dead.
Natasha barely misses you.
The cerulean imp hits you but does no damage.
Unknown command.
You barely miss Natasha.
Natasha is almost dead.
The dart slug barely misses you.
Natasha stares at you and mumbles some strange words.
The magic dart hits you!
You die...
Natasha curls up and begins to purr.

#.........########.
,
#.......).†........
*
#......<..#########
* #.........#####,
#.............# #
#####.........#.##
, #...[.....#?..
#...5.>.......
#.....@...##.#
#....wh....... ,
#.....K...##.. , *
######.####* . ,
#$..# ###....,
...... , , , .....
, .....


You could see Natasha, a cerulean imp (summoned), a dart slug and a kobold.

Vanquished Creatures
  Natasha (D:2)
  A gnoll (D:1)
  An endoplasm (D:1)
  2 giant cockroaches (D:1)
  2 goblins
  4 hobgoblins (D:1)
  A quokka (D:1)
  5 ball pythons
  A kobold (D:1)
  A rat (D:1)
19 creatures vanquished.

Notes
Turn   | Place    | Note
-------+----------+-------------------------------------------
     0 | D:1      | lunkers the Meteoran Wanderer began the quest for the Orb.
     0 | D:1      | lunkers set off with the following items: a +0 dagger, 7
                  | boomerangs, a wand of acid (4), a potion of heal wounds, a
                  | +0 robe; and the following spell memorised: Shock; and the
                  | following spells available to memorise: Stone Arrow.
     0 | D:1      | Reached XP level 1. HP: 16/16 MP: 3/3
    70 | D:1      | Reached XP level 2. HP: 4/23 MP: 0/5
   273 | D:1      | Reached XP level 3. HP: 14/28 MP: 0/7
   277 | D:1      | Learned a level 3 spell: Stone Arrow
   394 | D:2      | Noticed Natasha
   400 | D:2      | Killed Natasha
   401 | D:2      | Reached skill level 1 in Earth Magic
   401 | D:2      | Reached XP level 4. HP: 18/35 MP: 1/8
   413 | D:2      | Noticed Natasha
   430 | D:2      | Killed from afar by Natasha

Illustrated notes

Levels and vault maps discovered:
D:1:      spicycebolla_arrival_transporter_tutorial, layout_basic, minivault_23,
          corexii_hall_statues_x, hangedman_decor_peaks_small
D:2:      layout_rooms, basic_altar, uniq_natasha

Skill      XL: |  1  2  3 |
---------------+----------+-----
Conjurations   | 3 |  3.9
Spellcasting   | 2 |  2.6
Earth Magic    | 1 |  1.3
Fighting       | |  1.1
Throwing       | |  2.4
Evocations     | |  4.8

Action                     |  1- 3 |  4- 6 || total
---------------------------+-------+-------++-------
  Melee: Dagger            |    31 |    10 ||    41
  Throw: Boomerang         |     1 |       ||     1
   Cast: Shock             |    33 |     4 ||    37
         Stone Arrow       |     2 |       ||     2
 Armour: Robe              |    31 |     9 ||    40
  Dodge: Dodged            |    24 |     6 ||    30

Table legend: (Time is in decaauts)
 A = Elapsed time spent in this place.
 B = Non-inter-level travel time spent in this place.
 C = Inter-level travel time spent in this place.
 D = Time resting spent in this place.
 E = Time spent auto-exploring this place.
 F = Levels seen in this place.
 G = Mean time per level.
                   A        B        C        D        E       F      G
               +--------+--------+--------+--------+--------+-----+--------+
         Total |    429 |    411 |     18 |      0 |    194 |   2 |  214.5 |
       Dungeon |    429 |    411 |     18 |      0 |    194 |   2 |  214.5 |
               +--------+--------+--------+--------+--------+-----+--------+

Top non-repeatable levels by time:
     D:1: 394 daAuts
     D:2: 35 daAuts
